SAAA
BRINKLEY BELUGAS @ PURE MICHIGAN GREAT LAKERS
05/10/2034
 
TOP OF THE 1ST
Brinkley Belugas batting - Pitching for Pure Michigan Great Lakers : LHP Chad Sanogo
Pitching: LHP Chad Sanogo
Batting: RHB Alan Bryan 0-0: Ground out 6-3 (Groundball, 6)
Batting: RHB Ronald Comejo 0-0: Foul Ball, location: 2F
0-1: SINGLE (Groundball, 6D)
Batting: RHB Wu-shiun Wang 0-0: Called Strike
0-1: Ball
1-1: Called Strike
1-2: Ball
2-2: Foul Ball, location: 2F
2-2: Foul Ball, location: 2F
2-2: Ball
3-2: Ground out 4-3 (Groundball, 34)
Ronald Comejo to second
Batting: RHB Luis Yander La O 0-0: Ball
Wild Pitch!
Ronald Comejo to third
1-0: Ground out 6-3 (Groundball, 6)
Top of the 1st over - 0 runs, 1 hit, 0 errors, 1 left on base; Brinkley 0 - Pure Michigan 0
BOTTOM OF THE 1ST
Pure Michigan Great Lakers batting - Pitching for Brinkley Belugas : RHP Bob Devlin
Pitching: RHP Bob Devlin
Batting: SHB Cyrille Baffi 0-0: Called Strike
0-1: Fly out, F9 (Flyball, 9LS)
Batting: LHB Michael Cochran 0-0: Ball
1-0: Ball
2-0: Fly out, F8 (Flyball, 8RM)
Batting: RHB Alco Compagne 0-0: Ball
1-0: Foul Ball, location: 2F
1-1: Foul Ball, location: 2F
1-2: Strikes out swinging
Bottom of the 1st over - 0 runs, 0 hits, 0 errors, 0 left on base; Brinkley 0 - Pure Michigan 0
TOP OF THE 2ND
Brinkley Belugas batting - Pitching for Pure Michigan Great Lakers : LHP Chad Sanogo
Batting: RHB Hyeon-cheong Kim 0-0: Ball
1-0: Ball
2-0: Called Strike
2-1: Foul Ball, location: 2F
2-2: Ball
3-2: SINGLE (Flyball, 8RS) - OUT at second base trying to stretch hit.
Batting: RHB Jouo Hirschovits 0-0: Called Strike
0-1: Ball
1-1: Ball
2-1: Ball
3-1: Base on Balls
Batting: RHB Apu Nahasapeemapetilon 0-0: Ball
1-0: Ball
Jouo Hirschovits is caught stealing 2nd base
2-0: SINGLE (Line Drive, 56)
Batting: SHB Jorge Colón 0-0: Called Strike
0-1: Foul Ball, location: 2F
0-2: Ball
1-2: Ball
2-2: Fly out, F9 (Flyball, 89M)
Top of the 2nd over - 0 runs, 2 hits, 0 errors, 1 left on base; Brinkley 0 - Pure Michigan 0
BOTTOM OF THE 2ND
Pure Michigan Great Lakers batting - Pitching for Brinkley Belugas : RHP Bob Devlin
Batting: SHB Roger Dorn 0-0: Ball
1-0: Fly out, F8 (Flyball, 8LD)
Batting: RHB Dan Hendricks 0-0: Fly out, F3 (Popup, 23F)
Batting: LHB Gilberto Moreno 0-0: Ball
1-0: Ball
2-0: Ball
3-0: Foul Ball, location: 2F
3-1: Base on Balls
Batting: RHB David Crow 0-0: Ball
1-0: Ball
2-0: Ball
Wild Pitch!
Gilberto Moreno to second
3-0: Called Strike
3-1: Called Strike
3-2: Ground out 1-3 (Groundball, P)
Bottom of the 2nd over - 0 runs, 0 hits, 0 errors, 1 left on base; Brinkley 0 - Pure Michigan 0
TOP OF THE 3RD
Brinkley Belugas batting - Pitching for Pure Michigan Great Lakers : LHP Chad Sanogo
Batting: RHB Oscar Gandarilla 0-0: Ball
1-0: Ball
2-0: Ground out 5-3 (Groundball, 56S)
Batting: RHB Alan Bryan 0-0: Ground out 5-3 (Groundball, 5)
Batting: RHB Ronald Comejo 0-0: Ball
1-0: Ball
2-0: Ball
3-0: Called Strike
3-1: Called Strike
3-2: Foul Ball, location: 2F
3-2: SINGLE (Groundball, P) (infield hit)
Batting: RHB Wu-shiun Wang 0-0: Ground out 5-3 (Groundball, 56S)
Top of the 3rd over - 0 runs, 1 hit, 0 errors, 1 left on base; Brinkley 0 - Pure Michigan 0
BOTTOM OF THE 3RD
Pure Michigan Great Lakers batting - Pitching for Brinkley Belugas : RHP Bob Devlin
Batting: RHB Jorge Noutel 0-0: Ball
1-0: Reached on error, E1 (Groundball, 13)
Batting: RHB Quincy van Enk 0-0: Ball
Jorge Noutel steals 2nd base
1-0: Swinging Strike
1-1: Foul Ball, location: 2F
1-2: Ground out 1-3 (Groundball, 15S)
Batting: SHB Cyrille Baffi 0-0: Fly out, F9 (Flyball, 9)
Batting: LHB Michael Cochran 0-0: Called Strike
0-1: Foul Ball, location: 2F
0-2: Ball
1-2: Ground out 6-3 (Groundball, 6)
Bottom of the 3rd over - 0 runs, 0 hits, 1 error, 1 left on base; Brinkley 0 - Pure Michigan 0
TOP OF THE 4TH
Brinkley Belugas batting - Pitching for Pure Michigan Great Lakers : LHP Chad Sanogo
Batting: RHB Luis Yander La O 0-0: Fly out, F8 (Flyball, 8LXD)
Batting: RHB Hyeon-cheong Kim 0-0: Ball
1-0: Ball
2-0: Ball
3-0: Base on Balls
Batting: RHB Jouo Hirschovits 0-0: Ball
1-0: Called Strike
1-1: Ball
2-1: Ground out U3 (Groundball, 34)
Hyeon-cheong Kim to second
Batting: RHB Apu Nahasapeemapetilon 0-0: Called Strike
0-1: Ball
1-1: Foul Ball, location: 2F
1-2: Ball
2-2: Ground out 5-3 (Groundball, 5L)
Top of the 4th over - 0 runs, 0 hits, 0 errors, 1 left on base; Brinkley 0 - Pure Michigan 0
BOTTOM OF THE 4TH
Pure Michigan Great Lakers batting - Pitching for Brinkley Belugas : RHP Bob Devlin
Batting: RHB Alco Compagne 0-0: Ball
1-0: Foul Ball, location: 2F
1-1: Ball
2-1: Ground out 6-3 (Groundball, 6)
Batting: SHB Roger Dorn 0-0: Swinging Strike
0-1: Ball
1-1: Ball
2-1: Swinging Strike
2-2: Ball
3-2: Foul Ball, location: 2F
3-2: Base on Balls
Batting: RHB Dan Hendricks 0-0: Ball
1-0: Foul Ball, location: 2F
1-1: Ball
2-1: Foul Ball, location: 2F
2-2: Foul Ball, location: 2F
2-2: Foul Ball, location: 2F
2-2: Ball
3-2: Ground out U3 (Groundball, 3S)
Roger Dorn to second
Batting: LHB Gilberto Moreno 0-0: Ball
1-0: Ground out 1-3 (Groundball, 13)
Bottom of the 4th over - 0 runs, 0 hits, 0 errors, 1 left on base; Brinkley 0 - Pure Michigan 0
TOP OF THE 5TH
Brinkley Belugas batting - Pitching for Pure Michigan Great Lakers : LHP Chad Sanogo
Batting: SHB Jorge Colón 0-0: Ground out 4-3 (Groundball, 4S)
Batting: RHB Oscar Gandarilla 0-0: Ball
1-0: Ball
2-0: Ball
3-0: Called Strike
3-1: Called Strike
3-2: Base on Balls
Batting: RHB Alan Bryan 0-0: Swinging Strike
0-1: Fly out, F5 (Flyball, 5D)
Batting: RHB Ronald Comejo 0-0: Called Strike
0-1: Ball
1-1: Ball
2-1: SINGLE (Groundball, 56S) (infield hit)
Oscar Gandarilla to second
Batting: RHB Wu-shiun Wang 0-0: Swinging Strike
0-1: Foul Ball, location: 2F
0-2: Ball
1-2: SINGLE (Flyball, 78M)
Oscar Gandarilla to third
Ronald Comejo to second
Runner from 3rd tries for Home, SAFE, no throw
Batting: RHB Luis Yander La O 0-0: Called Strike
0-1: Fly out, F9 (Flyball, 9LM)
Top of the 5th over - 1 run, 2 hits, 0 errors, 2 left on base; Brinkley 1 - Pure Michigan 0
BOTTOM OF THE 5TH
Pure Michigan Great Lakers batting - Pitching for Brinkley Belugas : RHP Bob Devlin
Batting: RHB David Crow 0-0: Ball
1-0: Ball
2-0: Ball
3-0: Called Strike
3-1: Foul Ball, location: 2F
3-2: Fly out, F8 (Flyball, 8LS)
Batting: RHB Jorge Noutel 0-0: Foul Ball, location: 2F
0-1: Ball
1-1: Ground out 1-3 (Groundball, 15S)
Batting: RHB Quincy van Enk 0-0: Ball
1-0: Fly out, F9 (Flyball, 9)
Bottom of the 5th over - 0 runs, 0 hits, 0 errors, 0 left on base; Brinkley 1 - Pure Michigan 0
TOP OF THE 6TH
Brinkley Belugas batting - Pitching for Pure Michigan Great Lakers : LHP Chad Sanogo
Batting: RHB Hyeon-cheong Kim 0-0: Called Strike
0-1: Ball
1-1: Fly out, F9 (Flyball, 9LS)
Batting: RHB Jouo Hirschovits 0-0: Called Strike
0-1: Ball
1-1: Called Strike
1-2: Ball
2-2: SINGLE (Line Drive, 4M)
Batting: RHB Apu Nahasapeemapetilon 0-0: Ball
1-0: Called Strike
1-1: Ball
2-1: DOUBLE (Groundball, 5L)
Jouo Hirschovits to third
Batting: SHB Jorge Colón 0-0: Intentional Walk
Batting: RHB Oscar Gandarilla 0-0: Swinging Strike
0-1: Grounds into fielders choice 4-2 (Groundball, 4MS)
Apu Nahasapeemapetilon to third
Jorge Colón to second
Batting: RHB Alan Bryan 0-0: Ball
1-0: Called Strike
1-1: Ball
2-1: Reached on error, E5 (Groundball, 56)
Apu Nahasapeemapetilon scores
Jorge Colón to third
Oscar Gandarilla to second
Batting: RHB Ronald Comejo 0-0: Ball
1-0: Ball
2-0: Swinging Strike
2-1: Ground out 5-3 (Groundball, 56)
Top of the 6th over - 1 run, 2 hits, 1 error, 3 left on base; Brinkley 2 - Pure Michigan 0
BOTTOM OF THE 6TH
Pure Michigan Great Lakers batting - Pitching for Brinkley Belugas : RHP Bob Devlin
Batting: SHB Cyrille Baffi 0-0: Called Strike
0-1: Ground out 6-3 (Groundball, 6)
Batting: LHB Michael Cochran 0-0: Ball
1-0: Ball
2-0: Fly out, F9 (Flyball, 9S)
Batting: RHB Alco Compagne 0-0: Ball
1-0: Ball
2-0: Ground out 6-3 (Groundball, 6)
Bottom of the 6th over - 0 runs, 0 hits, 0 errors, 0 left on base; Brinkley 2 - Pure Michigan 0
TOP OF THE 7TH
Brinkley Belugas batting - Pitching for Pure Michigan Great Lakers : LHP Chad Sanogo
Batting: RHB Wu-shiun Wang 0-0: Ball
1-0: Swinging Strike
1-1: Ball
2-1: Ball
3-1: Base on Balls
Batting: RHB Luis Yander La O 0-0: Called Strike
0-1: Foul Ball, location: 2F
0-2: Ball
1-2: Strikes out swinging
Pitching: RHP César Román
Batting: RHB Hyeon-cheong Kim 0-0: Ball
1-0: Called Strike
1-1: Ball
2-1: Foul Ball, location: 2F
2-2: Ball
3-2: Foul Ball, location: 2F
3-2: Fly out, F1 (Popup, 13)
Batting: RHB Jouo Hirschovits 0-0: Ball
1-0: Foul Ball, location: 2F
1-1: Ball
2-1: SINGLE (Groundball, 6S) (infield hit)
Wu-shiun Wang to second
Batting: RHB Apu Nahasapeemapetilon 0-0: Ball
1-0: Ball
2-0: Called Strike
2-1: Called Strike
2-2: Ball
3-2: Fly out, F4 (Popup, 4)
Top of the 7th over - 0 runs, 1 hit, 0 errors, 2 left on base; Brinkley 2 - Pure Michigan 0
BOTTOM OF THE 7TH
Pure Michigan Great Lakers batting - Pitching for Brinkley Belugas : RHP Bob Devlin
Batting: SHB Roger Dorn 0-0: Foul Ball, location: 2F
0-1: Ball
1-1: Ball
2-1: Ball
3-1: Called Strike
3-2: Foul Ball, location: 2F
3-2: Ground out 4-3 (Groundball, 4)
Batting: RHB Dan Hendricks 0-0: Hit by Pitch
Batting: LHB Gilberto Moreno 0-0: Ball
1-0: Ball
2-0: Grounds into double play, 4-6-3 (Groundball, 4)
Bottom of the 7th over - 0 runs, 0 hits, 0 errors, 0 left on base; Brinkley 2 - Pure Michigan 0
TOP OF THE 8TH
Brinkley Belugas batting - Pitching for Pure Michigan Great Lakers : RHP César Román
Batting: SHB Jorge Colón 0-0: Ball
1-0: Ball
2-0: Ball
3-0: Called Strike
3-1: Foul Ball, location: 2F
3-2: Strikes out swinging
Batting: RHB Oscar Gandarilla 0-0: Foul Ball, location: 2F
0-1: Ball
1-1: Fly out, F8 (Flyball, 8RD)
Batting: RHB Alan Bryan 0-0: Called Strike
0-1: Ball
1-1: Ball
2-1: Ball
3-1: SOLO HOME RUN (Flyball, 9D), Distance : 388 ft
Batting: RHB Ronald Comejo 0-0: Ball
1-0: Ball
2-0: Ball
3-0: Base on Balls
Batting: RHB Wu-shiun Wang 0-0: Ball
1-0: Foul Ball, location: 2F
1-1: Foul Ball, location: 2F
1-2: Ball
2-2: SINGLE (Groundball, 34D)
Ronald Comejo to second
Runner from 2nd tries for 3rd, SAFE, throw made to third
Batting: RHB Luis Yander La O 0-0: Ball
1-0: Called Strike
Throwing error on steal attempt, E2
Ronald Comejo scores
Wu-shiun Wang to third
1-1: Intentional Walk
Pitching: LHP Corbin Jameson
Batting: RHB Hyeon-cheong Kim 0-0: Called Strike
0-1: Called Strike
0-2: Ball
1-2: Ground out 1-3 (Groundball, 13S)
Top of the 8th over - 2 runs, 2 hits, 1 error, 2 left on base; Brinkley 4 - Pure Michigan 0
BOTTOM OF THE 8TH
Pure Michigan Great Lakers batting - Pitching for Brinkley Belugas : RHP Bob Devlin
Batting: RHB David Crow 0-0: Ball
1-0: Called Strike
1-1: Ball
2-1: Ball
3-1: Base on Balls
Batting: RHB Jorge Noutel 0-0: Ball
1-0: Foul Ball, location: 2F
1-1: Grounds into double play, 4-6-3 (Groundball, 4)
Batting: RHB Quincy van Enk 0-0: Ball
1-0: Foul Ball, location: 2F
1-1: SINGLE (Groundball, 34D)
Batting: SHB Cyrille Baffi 0-0: Ball
1-0: Ground out U3 (Groundball, 34)
Bottom of the 8th over - 0 runs, 1 hit, 0 errors, 1 left on base; Brinkley 4 - Pure Michigan 0
TOP OF THE 9TH
Brinkley Belugas batting - Pitching for Pure Michigan Great Lakers : LHP Corbin Jameson
Batting: RHB Jouo Hirschovits 0-0: Ball
1-0: Foul Ball, location: 2F
1-1: Foul Ball, location: 2F
1-2: Fly out, F6 (Line Drive, 6)
Batting: RHB Apu Nahasapeemapetilon 0-0: Called Strike
0-1: Ball
1-1: Ball
2-1: Ball
3-1: Foul Ball, location: 2F
3-2: Base on Balls
Batting: SHB Jorge Colón 0-0: Foul Ball, location: 2F
0-1: Called Strike
0-2: Grounds into double play, 5-4-3 (Groundball, 56)
Top of the 9th over - 0 runs, 0 hits, 0 errors, 0 left on base; Brinkley 4 - Pure Michigan 0
BOTTOM OF THE 9TH
Pure Michigan Great Lakers batting - Pitching for Brinkley Belugas : RHP Bob Devlin
Batting: LHB Michael Cochran 0-0: Ball
1-0: Called Strike
1-1: Ball
2-1: Foul Ball, location: 2F
2-2: Ground out 4-3 (Groundball, 34D)
Pitching: LHP Sicnarf Loopstok
Batting: RHB Alco Compagne 0-0: Called Strike
0-1: Ball
1-1: Foul Ball, location: 2F
1-2: Foul Ball, location: 2F
1-2: Ball
2-2: Ball
3-2: Foul Ball, location: 2F
3-2: Fly out, F9 (Flyball, 9S)
Batting: SHB Roger Dorn 0-0: Ball
1-0: Swinging Strike
1-1: Foul Ball, location: 2F
1-2: Fly out, F7 (Flyball, 7S)
Bottom of the 9th over - 0 runs, 0 hits, 0 errors, 0 left on base; Brinkley 4 - Pure Michigan 0
Friday, March 29th, 2019 - OOTP Baseball 18.8 Build 76